[Event "25th Zadar Open 2018"]
[Site "Zadar"]
[Date "2018.12.19"]
[Round "6.20"]
[White "Volotovsky, Kirill"]
[Black "Sinanovic, Muhamed"]
[Result "1-0"]
[ECO "A53"]
[WhiteElo "2179"]
[BlackElo "2325"]
[Annotator "ChessBase"]
[PlyCount "153"]
[EventDate "2018.12.15"]
[EventType "swiss"]
[EventCountry "CRO"]
[SourceTitle "playchess.com"]
[Source "ChessBase"]
[SourceQuality "1"]
[TimeControl "40/5400+30:1800+30"]

1. Nf3 d6 2. d4 Bg4 3. c4 Nd7 4. Nc3 e5 5. e3 Ngf6 6. Be2 Be7 7. O-O O-O 8. b3 Re8 9. Bb2 c6 10. Qc2 Bf8 11. Rad1 e4 12. Ng5 Bxe2 13. Qxe2 d5 14. f4 a6 15. c5 b6 16. b4 Qc7 17. Nh3 a5 18. a3 axb4 19. axb4 Reb8 20. Ra1 bxc5 21. bxc5 Qb7 22. Rxa8 Rxa8 23. Ra1 Be7 24. Rxa8+ Qxa8 25. Nf2 Bd8 26. Qc2 Bc7 27. Qa4 Qxa4 28. Nxa4 Kf8 29. Bc3 Ke7 30. Kf1 Kd8 31. Ke2 Kc8 32. Kd2 Kb7 33. Kc2 g6 34. Be1 h5 35. Bd2 Ng8 36. Nh3 f6 37. Nc3 Nh6 38. Nf2 Nf5 39. g3 Ka6 40. Nfd1 g5 41. Ne2 g4 42. Nf2 Nh6 43. Nc3 Nf8 44. Ne2 Ng6 45. Nc3 Ne7 46. Ne2 Nef5 47. Nd1 h4 48. Be1 h3 49. Bd2 Nf7 50. Nf2 N5h6 51. Nd1 Nd8 52. Nc1 Nb7 53. Nb3 f5 54. Bb4 Ng8 55. Nc3 Nf6 56. Ne2 Bd8 57. Nc3 Nh5 58. Ne2 Ng7 59. Nc3 Ne6 60. Ne2 Nf8 61. Nc3 Ng6 62. Ne2 Kb5 63. Be1 Bc7 64. Nc3+ Ka6 65. Ne2 Na5 66. Nxa5 Bxa5 67. Bxa5 Kxa5 68. Kb3 Nf8 69. Nc3 Ne6 70. Na4 Nc7 71. Nb6 Na6 72. Nc8 Nb4 73. Ne7 Nd3 74. Nxf5 Nc1+ 75. Kc2 Ne2 76. Kd2 Ng1 77. Nh4 1-0

[Event "25th Zadar Open 2018"]
[Site "Zadar"]
[Date "2018.12.20"]
[Round "7.7"]
[White "Tomazini, Zan"]
[Black "Salimova, Nurgyul"]
[Result "0-1"]
[ECO "C45"]
[WhiteElo "2437"]
[BlackElo "2377"]
[Annotator "ChessBase"]
[PlyCount "120"]
[EventDate "2018.12.15"]
[EventType "swiss"]
[EventCountry "CRO"]
[SourceTitle "playchess.com"]
[Source "ChessBase"]
[SourceQuality "1"]
[TimeControl "40/5400+30:1800+30"]

1. e4 e5 2. Nf3 Nc6 3. d4 exd4 4. Nxd4 Nf6 5. Nxc6 bxc6 6. e5 Qe7 7. Qe2 Nd5 8. c4 Nb6 9. Nd2 Qe6 10. Qe4 d5 11. exd6 cxd6 12. Be2 Qxe4 13. Nxe4 Bf5 14. Ng3 Be6 15. b3 d5 16. cxd5 Bb4+ 17. Bd2 Bxd2+ 18. Kxd2 O-O-O 19. Ke1 Bxd5 20. f3 g6 21. Ba6+ Kc7 22. Kf2 Nd7 23. Rac1 Kb6 24. Be2 f5 25. Rhd1 Ne5 26. Rc3 h5 27. h4 Bf7 28. Rxd8 Rxd8 29. Ke3 c5 30. Kf4 Nc6 31. Rd3 Nd4 32. Bf1 Re8 33. Kg5 Re1 34. f4 Be8 35. b4 Ne6+ 36. Kf6 Nxf4 37. bxc5+ Kxc5 38. Rc3+ Kd6 39. Ra3 Nd5+ 40. Kg5 f4 41. Ra6+ Ke5 42. Rxa7 fxg3 43. Bc4 Re4 44. Bb3 Rg4+ 45. Kh6 Rxh4 46. Ra8 Nc7 47. Ra5+ Kf6 48. Rc5 Ne6 49. Rc3 Nd4 50. a4 Nf5+ 51. Kh7 Bxa4 52. Bxa4 Rxa4 53. Rc6+ Ke5 54. Rxg6 Ra7+ 55. Kh8 Ra2 56. Rb6 Rxg2 57. Rb5+ Kf4 58. Rb4+ Kf3 59. Rb3+ Ne3 60. Rb5 Rh2 0-1

[Event "25th Zadar Open 2018"]
[Site "Zadar"]
[Date "2018.12.20"]
[Round "7.11"]
[White "Paszewski, Mateusz"]
[Black "Ivekovic, Bozidar"]
[Result "1-0"]
[ECO "B53"]
[WhiteElo "2342"]
[BlackElo "2406"]
[Annotator "NA"]
[PlyCount "78"]
[EventDate "2018.12.15"]
[EventType "swiss"]
[EventCountry "CRO"]
[SourceTitle "playchess.com"]
[Source "ChessBase"]
[SourceQuality "1"]
[TimeControl "40/5400+30:1800+30"]

1. e4 c5 2. Nf3 d6 3. d4 cxd4 4. Qxd4 a6 5. Be2 {[%emt 0:00:00] B53: Sicilian: 2...d6: Lines with Qxd4} Nf6 6. O-O Nc6 7. Qe3 e6 8. c4 Be7 9. Nc3 O-O 10. h3 Rb8 $146 ({Predecessor:} 10... b6 11. Rd1 Qc7 12. b3 Bb7 {½-½ (32) Radjabov,T (2792)-Wojtaszek,R (2733) Eilat 2012}) 11. Rd1 Qa5 12. Bd2 Qc7 13. Rac1 Ne5 14. b3 Nxf3+ 15. Qxf3 b6 16. Qg3 Nd7 17. Be3 Re8 18. h4 Bb7 19. h5 Bf8 20. Bd4 h6 21. Bd3 Rbc8 22. Bb1 Qc6 23. Qd3 Nf6 $16 24. Nd5 Nxh5 25. Nxb6 Nf4 26. Qf3 Rcd8 27. Qxf4 e5 28. Qd2 exd4 29. Qxd4 g6 30. Nd5 Bg7 31. Qd2 Qc8 32. b4 Qg4 33. c5 Bxd5 34. exd5 Qh4 35. g3 Qh5 36. c6 Re2 37. Qd3 Rde8 38. Rf1 R2e5 39. Kg2 Rxd5 1-0

[Event "25th Zadar Open 2018"]
[Site "Zadar"]
[Date "2018.12.20"]
[Round "7.12"]
[White "Nester, Ihor"]
[Black "Nielsen, Hogni Egilstoft"]
[Result "1-0"]
[ECO "A30"]
[WhiteElo "2337"]
[BlackElo "2400"]
[Annotator "ChessBase"]
[PlyCount "117"]
[EventDate "2018.12.15"]
[EventType "swiss"]
[EventCountry "CRO"]
[SourceTitle "playchess.com"]
[Source "ChessBase"]
[SourceQuality "1"]
[TimeControl "40/5400+30:1800+30"]

1. Nf3 Nf6 2. c4 e6 3. g3 b6 4. Bg2 Bb7 5. O-O c5 6. Nc3 d6 7. d4 cxd4 8. Qxd4 Be7 9. Rd1 a6 10. Bg5 Nbd7 11. Nd2 Bxg2 12. Kxg2 Nc5 13. b4 h6 14. Bxf6 Bxf6 15. Qe3 Nb7 16. Nde4 Be7 17. Na4 b5 18. Nac5 Qc7 19. Nxb7 Qxb7 20. Qf3 Rb8 21. Nxd6+ Bxd6 22. Rxd6 bxc4 23. Qxb7 Rxb7 24. Rxa6 Ke7 25. a3 Rc8 26. Rc1 c3 27. Ra5 c2 28. f4 Rd7 29. Rc5 Rxc5 30. bxc5 Ra7 31. Rxc2 Rxa3 32. c6 Ra8 33. Rb2 Kd6 34. Rb7 Rf8 35. e4 Kxc6 36. Ra7 Kd6 37. e5+ Kd5 38. Kf3 h5 39. h3 Kd4 40. Rd7+ Kc5 41. Ke4 Kc6 42. Re7 Kc5 43. g4 hxg4 44. hxg4 g6 45. Kf3 Kd5 46. Rd7+ Kc6 47. Ra7 Kd5 48. Rd7+ Kc6 49. Re7 Kc5 50. Kg3 Kd5 51. Kh4 Ke4 52. Kg5 Kf3 53. Ra7 Ke4 54. Ra4+ Kf3 55. Ra7 Ke4 56. Kf6 Kxf4 57. Ra4+ Kg3 58. Kg7 Rb8 59. Kxf7 1-0

[Event "25th Zadar Open 2018"]
[Site "Zadar"]
[Date "2018.12.20"]
[Round "7.16"]
[White "Jakic, Ivan"]
[Black "Pallitsch, Clemens"]
[Result "1-0"]
[ECO "B48"]
[WhiteElo "2393"]
[BlackElo "2176"]
[Annotator "NA"]
[PlyCount "87"]
[EventDate "2018.12.15"]
[EventType "swiss"]
[EventCountry "CRO"]
[SourceTitle "playchess.com"]
[Source "ChessBase"]
[SourceQuality "1"]
[TimeControl "40/5400+30:1800+30"]

1. e4 c5 2. Nf3 e6 3. d4 cxd4 4. Nxd4 Nc6 5. Nc3 Qc7 6. Be3 {[%emt 0:00:00] LiveBook: 7598 Games} a6 7. Qf3 {[%emt 0:01:30] B48: Sicilian: Taimanov: 5 Nc3 Qc7 6 Be3 a6 without Be2} Nf6 8. O-O-O Be7 (8... d6 9. Nxc6 Qxc6 10. g4 b5 11. g5 Nd7 12. a3 Bb7 13. Qh3 Rc8 14. g6 Nf6 {0-1 (55) Durarbayli,V (2629)-Cori Tello,J (2664) Saint Louis 2018}) 9. Be2 O-O 10. Qg3 Qxg3 11. hxg3 Ne5 12. f4 Neg4 13. Bg1 d6 14. Rh4 $146 (14. Nb3 $16) ({Predecessor:} 14. Na4 Bd8 {½-½ (29) Goumas,G (2371)-Drakoulakos,G (2045) Rethymno 2014}) 14... e5 15. Nf5 Bxf5 16. exf5 h5 17. Bxg4 hxg4 18. Be3 g6 19. Rdh1 (19. fxe5 $16 dxe5 20. Bg5) 19... Nh5 ({Black should try} 19... gxf5 $14 20. fxe5 dxe5) 20. Rxg4 Ng7 (20... Nf6 $142 21. Rgh4 gxf5 22. fxe5 dxe5) 21. fxg6 f5 22. Nd5 Bd8 23. Rgh4 Bxh4 24. Rxh4 Rae8 25. c4 (25. fxe5 $18 {is more deadly.} Rxe5 26. c4) 25... Re6 26. fxe5 dxe5 27. Bc5 Rc8 (27... Rfe8 $14) 28. Ne7+ Rxe7 29. Bxe7 Rc6 30. c5 Rxg6 31. Rb4 Rxg3 32. Rxb7 Rxg2 33. Bf6 Ne6 34. c6 f4 $14 35. Re7 f3 36. Bh4 Rg6 37. Kd2 Nf4 38. c7 Rd6+ 39. Ke1 Rc6 40. Re8+ Kg7 41. c8=Q Ng2+ 42. Kf2 Rxc8 43. Rxc8 Nxh4 44. Rc4 1-0

[Event "25th Zadar Open 2018"]
[Site "Zadar"]
[Date "2018.12.20"]
[Round "7.17"]
[White "Krstulovic, Alex"]
[Black "Kurayan, Ruslan"]
[Result "1/2-1/2"]
[ECO "E99"]
[WhiteElo "2313"]
[BlackElo "2391"]
[Annotator "ChessBase"]
[PlyCount "108"]
[EventDate "2018.12.15"]
[EventType "swiss"]
[EventCountry "CRO"]
[SourceTitle "playchess.com"]
[Source "ChessBase"]
[SourceQuality "1"]
[TimeControl "40/5400+30:1800+30"]

1. d4 Nf6 2. c4 g6 3. Nc3 Bg7 4. e4 d6 5. Be2 O-O 6. Nf3 e5 7. O-O Nc6 8. d5 Ne7 9. Ne1 Nd7 10. f3 f5 11. Be3 f4 12. Bf2 g5 13. Nb5 b6 14. b4 Nf6 15. a4 a5 16. bxa5 Rxa5 17. Nd3 g4 18. Be1 Ra6 19. a5 bxa5 20. c5 gxf3 21. Bxf3 Nexd5 22. Qb3 Kh8 23. Bxa5 Rxa5 24. Rxa5 Ne3 25. Rfa1 d5 26. Ra8 dxe4 27. Nxe5 exf3 28. Nf7+ Rxf7 29. Qxf7 f2+ 30. Kh1 f1=Q+ 31. Rxf1 Nxf1 32. Nd6 cxd6 33. cxd6 h5 34. Qc7 Qd7 35. Rxc8+ Kh7 36. Qxd7 Nxd7 37. Rc7 Ne5 38. Re7 Nc6 39. Rc7 Nd8 40. Rd7 Ne6 41. Re7 Nd8 42. Rd7 Nc6 43. Rc7 Ne5 44. Re7 Ne3 45. d7 Nc6 46. Re8 Nf5 47. Rc8 Nfd4 48. d8=Q Nxd8 49. Rxd8 Kg6 50. Kg1 Kf5 51. Kf2 Kg4 52. g3 f3 53. Rg8 Ne6 54. h4 Kf5 1/2-1/2

[Event "25th Zadar Open 2018"]
[Site "Zadar"]
[Date "2018.12.20"]
[Round "7.18"]
[White "Mendonca, Leon Luke"]
[Black "Biliskov, Vjekoslav"]
[Result "1/2-1/2"]
[ECO "E11"]
[WhiteElo "2350"]
[BlackElo "2313"]
[Annotator "NA"]
[PlyCount "96"]
[EventDate "2018.12.15"]
[EventType "swiss"]
[EventCountry "CRO"]
[SourceTitle "playchess.com"]
[Source "ChessBase"]
[SourceQuality "1"]
[TimeControl "40/5400+30:1800+30"]

1. d4 d5 2. c4 e6 3. Nf3 Bb4+ 4. Bd2 a5 5. a3 Bxd2+ 6. Nbxd2 Nf6 {[%emt 0:00:30] LiveBook: 8 Games} 7. e3 O-O 8. Bd3 {[%emt 0:01:30] E11: Bogo-Indian} (8. Qc2 Nbd7 9. Rd1 b6 10. cxd5 exd5 11. Bb5 c5 12. O-O Bb7 13. Qf5 Qe7 14. Nb1 Rfd8 15. Nc3 Nf8 {½-½ (47) Epishin,V (2657)-Ibragimov,I (2554) Koszalin 1999}) 8... Qe7 9. Qc2 b6 $146 ({Predecessor:} 9... c6 10. O-O Nbd7 11. Rfe1 h6 12. h3 b6 13. e4 dxe4 14. Nxe4 Nxe4 15. Bxe4 {½-½ (27) Deshmukh,A (2311)-Laxman,R (2463) Chennai 2011}) 10. Rc1 Ba6 11. O-O c5 12. cxd5 exd5 13. Bxa6 Nxa6 14. dxc5 Nxc5 15. Nd4 g6 16. N2f3 Rfe8 17. Qe2 Qd7 18. Rc2 a4 19. Rd1 Rac8 20. Qb5 Qb7 21. h3 Nfe4 $14 22. Qe2 Nd6 23. Nb5 Nce4 24. Rxc8 Rxc8 25. Nxd6 Nxd6 26. Qd3 Nc4 27. Qd4 Qc7 28. Nd2 Qe5 29. Nxc4 Qxd4 30. Rxd4 dxc4 31. Rd6 b5 32. Rb6 c3 33. bxc3 Rxc3 34. Rxb5 Rxa3 35. Ra5 Ra1+ 36. Kh2 h5 37. g4 hxg4 38. hxg4 a3 39. Ra8+ Kg7 40. g5 a2 41. Kg2 Kh7 42. Kf3 Rg1 43. Rxa2 Rxg5 44. Rb2 Rf5+ 45. Kg3 Kg7 46. Ra2 Rg5+ 47. Kf3 Rf5+ 48. Kg3 Rg5+ 1/2-1/2

[Event "25th Zadar Open 2018"]
[Site "Zadar"]
[Date "2018.12.20"]
[Round "7.19"]
[White "Bratovic, Blaz"]
[Black "Nielsen, Rogvi Egilstoft"]
[Result "0-1"]
[ECO "E18"]
[WhiteElo "2307"]
[BlackElo "2339"]
[Annotator "NA"]
[PlyCount "98"]
[EventDate "2018.12.15"]
[EventType "swiss"]
[EventCountry "CRO"]
[SourceTitle "playchess.com"]
[Source "ChessBase"]
[SourceQuality "1"]
[TimeControl "40/5400+30:1800+30"]

1. d4 Nf6 2. c4 e6 3. g3 d5 4. Bg2 Be7 5. Nf3 O-O 6. O-O b6 7. cxd5 exd5 8. Ne5 Bb7 9. Nc3 Nbd7 10. Bf4 c5 11. dxc5 Nxc5 12. Rc1 Nfe4 13. Nxe4 dxe4 14. Qc2 {[%emt 0:16:30] LiveBook: 10 Games E18: Queen's Indian: Old Main Line (4 g3 Bb7 5 Bg2 Be7 6 0-0 0-0 7 Nc3)} Rc8 15. Qb1 Qd5 $146 ({Predecessor:} 15... Bg5 16. Rfd1 Qf6 17. Rxc5 bxc5 18. Nd7 Qf5 19. Bxg5 Qxg5 20. Nxf8 Rxf8 21. Bxe4 Bxe4 22. Qxe4 {1-0 (89) Tukmakov,V (2585)-Dervishi,E (2305) Bern 1995}) 16. Rfd1 Qe6 17. b4 Na4 {[%emt 0:12:30] [#]} 18. Qb3 $1 ({Wrong is} 18. Bxe4 $2 Bxe4 19. Qxe4 Nc3 $19) 18... Qxb3 19. axb3 Nc3 20. Rxc3 Rxc3 21. Rd7 f6 22. Nc4 Rxb3 23. Rxb7 (23. Rxe7 $16 Rb1+ 24. Bf1) 23... Rb1+ 24. Bf1 Bxb4 25. Rxa7 b5 26. Ne3 $11 Bc5 27. Rb7 g5 28. Bb8 Rd8 29. Ng4 Rdd1 30. Nxf6+ Kf8 31. Nd7+ Ke8 32. Nxc5 Rxf1+ 33. Kg2 g4 34. f3 exf3+ 35. exf3 Rxf3 36. Bd6 Rb2+ 37. Kg1 Rb1+ 38. Kg2 Rb2+ 39. Kg1 Re3 40. Rb8+ Kf7 41. Rf8+ Kg6 42. Rf2 Re1+ 43. Kg2 Ree2 44. Nd3 Rxf2+ 45. Nxf2 Kf5 46. h3 gxh3+ 47. Kf3 Ke6 48. Bf4 h2 49. Nh1 b4 0-1

[Event "25th Zadar Open 2018"]
[Site "Zadar"]
[Date "2018.12.20"]
[Round "7.20"]
[White "Bratkovic, Jakob"]
[Black "Bilobrk, Franjo"]
[Result "1-0"]
[ECO "C90"]
[WhiteElo "2239"]
[BlackElo "2364"]
[Annotator "ChessBase"]
[PlyCount "69"]
[EventDate "2018.12.15"]
[EventType "swiss"]
[EventCountry "CRO"]
[SourceTitle "playchess.com"]
[Source "ChessBase"]
[SourceQuality "1"]
[TimeControl "40/5400+30:1800+30"]

1. e4 e5 2. Nf3 Nc6 3. Bc4 Nf6 4. d3 Be7 5. O-O O-O 6. Re1 d6 7. c3 Na5 8. Bb5 a6 9. Ba4 b5 10. Bc2 c5 11. Nbd2 Nc6 12. Nf1 h6 13. Ne3 d5 14. Nxd5 Nxd5 15. exd5 Qxd5 16. d4 cxd4 17. Be4 Qd6 18. Nxe5 Nxe5 19. Bxa8 Ng4 20. g3 dxc3 21. Qxd6 Bxd6 22. bxc3 Bc5 23. Re2 Rd8 24. Bf3 Nxf2 25. Rxf2 Rd3 26. Be4 Rxc3 27. Bd2 Ra3 28. Kf1 Bxf2 29. Kxf2 Be6 30. Bb4 Ra4 31. a3 a5 32. Bc2 axb4 33. Bxa4 bxa4 34. axb4 Bd7 35. Ke3 1-0

[Event "25th Zadar Open 2018"]
[Site "Zadar"]
[Date "2018.12.20"]
[Round "7.21"]
[White "Sinanovic, Muhamed"]
[Black "Bosnjak, Petar"]
[Result "1/2-1/2"]
[ECO "C00"]
[WhiteElo "2325"]
[BlackElo "2255"]
[Annotator "NA"]
[PlyCount "87"]
[EventDate "2018.12.15"]
[EventType "swiss"]
[EventCountry "CRO"]
[SourceTitle "playchess.com"]
[Source "ChessBase"]
[SourceQuality "1"]
[TimeControl "40/5400+30:1800+30"]

1. g3 d5 2. Bg2 Nf6 3. Nf3 e6 4. O-O Be7 5. d3 c5 6. Nbd2 Nc6 7. e4 {[%emt 0:00:00] LiveBook: 1828 Games} Qc7 8. Re1 b6 9. Nf1 d4 {[%emt 0:06:30] C00: French: Unusual White 2nd moves} 10. Nh4 $146 ({Predecessor:} 10. N1d2 e5 11. a4 Be6 12. Nc4 Nd7 13. Ng5 Bxg5 14. Bxg5 O-O 15. Bd2 a6 16. f4 f6 17. f5 {½-½ (69) Hausner,I (2451)-Bernasek,J (2495) Teplice 2010}) 10... Nd7 11. f4 Bb7 12. Nf3 b5 13. g4 h5 14. gxh5 Nf6 15. Ng3 Nxh5 16. Nxh5 Rxh5 17. Ng5 Rh4 18. Nf3 Rh8 19. c3 Rd8 20. cxd4 Nxd4 21. Nxd4 cxd4 ({Black should play} 21... Rxd4 $17 22. Be3 Rd7) 22. Bd2 a5 23. Rc1 Qb6 24. Qg4 Kf8 25. Rf1 Rc8 26. Rxc8+ Bxc8 27. e5 g6 28. Rc1 Kg7 29. Qf3 b4 30. Qc6 Qd8 $14 31. Qc7 Ba6 32. Be4 Bh4 33. Qxd8 Rxd8 34. Kf1 Rc8 35. Ke2 Rxc1 36. Bxc1 Bb5 37. b3 Be7 38. Kf3 Bc5 39. Bd2 Bb6 40. h4 Bc5 41. Kg4 Be8 42. Bc1 Kg8 43. Bd2 Kg7 44. Bc1 1/2-1/2

[Event "25th Zadar Open 2018"]
[Site "Zadar"]
[Date "2018.12.20"]
[Round "7.22"]
[White "Sokac, Marko"]
[Black "Warakomska, Anna"]
[Result "1-0"]
[ECO "C27"]
[WhiteElo "2301"]
[BlackElo "2233"]
[Annotator "NA"]
[PlyCount "93"]
[EventDate "2018.12.15"]
[EventType "swiss"]
[EventCountry "CRO"]
[SourceTitle "playchess.com"]
[Source "ChessBase"]
[SourceQuality "1"]
[TimeControl "40/5400+30:1800+30"]

1. e4 e5 2. Bc4 Nf6 3. Nc3 Nxe4 4. Qh5 Nd6 5. Bb3 Be7 6. Qxe5 O-O {[%emt 0:00:00] C27: Vienna Game: 2...Nf6 3 Bc4 Nxe4} 7. d4 b5 8. a3 Nc6 9. Qf4 $1 Bb7 $146 ({Predecessor:} 9... a5 10. Nd5 Re8 11. Ne2 b4 12. Be3 Ba6 13. Qf3 Bf8 14. O-O Bxe2 15. Qxe2 Nxd4 {0-1 (32) Yeletsky,I (2342)-Aleksandrov,A (2606) St Petersburg 2015}) 10. Nf3 Na5 11. Bd5 Bxd5 12. Nxd5 c6 13. Ne3 Nac4 14. O-O f5 15. Nxc4 Nxc4 16. b3 Nb6 17. Re1 a5 18. Qg3 a4 19. Bf4 Nd5 20. Be5 Rf7 21. c4 f4 22. Qg4 Nb6 23. c5 Nd5 24. b4 g6 25. Rac1 Rf5 26. h4 Qf8 27. h5 Qh6 28. hxg6 Qxg6 29. Qxg6+ hxg6 30. Kf1 g5 31. Ke2 g4 32. Nh2 Rg5 33. Kd3 Rf8 34. f3 gxf3 35. gxf3 Kf7 36. Ng4 Rh5 37. Rh1 $11 Rxh1 38. Rxh1 Kg6 39. Rh6+ Kf5 40. Rh7 Ke6 41. Rh6+ Kf5 42. Bd6 Re8 43. Rh5+ Kg6 44. Re5 Kf7 45. Nh6+ Kf8 46. Rg5 Nf6 47. Bxf4 1-0

[Event "25th Zadar Open 2018"]
[Site "Zadar"]
[Date "2018.12.20"]
[Round "7.23"]
[White "Djoric, Dusan"]
[Black "Ermeni, Avni"]
[Result "1-0"]
[ECO "B04"]
[WhiteElo "2298"]
[BlackElo "2183"]
[Annotator "NA"]
[PlyCount "67"]
[EventDate "2018.12.15"]
[EventType "swiss"]
[EventCountry "CRO"]
[SourceTitle "playchess.com"]
[Source "ChessBase"]
[SourceQuality "1"]
[TimeControl "40/5400+30:1800+30"]

1. e4 Nf6 2. e5 Nd5 3. c4 Nb6 4. d4 d6 5. exd6 cxd6 6. Nc3 g6 7. Be3 Bg7 8. h3 O-O 9. Nf3 Nc6 10. Be2 e5 {[%emt 0:10:30] B04: Alekhine's Defence: 4 Nf3} (10... Bf5 11. O-O d5 12. c5 Nc4 13. Bc1 b6 14. b3 N4a5 15. cxb6 axb6 16. Bf4 Be4 17. Nb5 Qd7 18. Qd2 Rfc8 19. Rac1 Nb7 20. Ne5 Nxe5 21. Bxe5 Bxe5 22. dxe5 {1-0 (37) Efimenko,Z (2643)-Bortnyk,O (2533) Wroclaw 2014}) 11. dxe5 Nxe5 12. Nxe5 Bxe5 13. Rc1 $146 ({Predecessor:} 13. O-O Be6 14. Qb3 Qh4 15. Nd5 Nxd5 16. cxd5 Bxh3 17. f4 Qg3 18. Bf3 {1-0 (41) Rahls,P (2239)-Sandmeier,T (2197) Bad Neuenahr 2014}) 13... Be6 14. b3 d5 {[%emt 0:17:30] LiveBook: 3 Games} 15. Nxd5 Nxd5 16. cxd5 Qxd5 17. O-O Qe4 18. Bd3 ({Better is} 18. Bf3 $16 Qf5 19. Bxb7) 18... Qh4 19. f4 Bd6 20. Qf3 Rfe8 21. Qf2 Qh5 $14 22. Be2 Qa5 23. Bf3 Bd5 24. Rfd1 Bxf3 25. Rxd6 Bc6 26. Rcd1 Qh5 27. R1d2 Re4 28. Bd4 Re6 29. Rxe6 fxe6 30. Bb2 Rf8 31. Qd4 e5 32. Qc4+ Kg7 33. Bxe5+ Kh6 34. g4 1-0

[Event "25th Zadar Open 2018"]
[Site "Zadar"]
[Date "2018.12.20"]
[Round "7.24"]
[White "Karthik Kumar Pradeep"]
[Black "Ojas Kulkarni"]
[Result "1/2-1/2"]
[ECO "A50"]
[WhiteElo "2230"]
[BlackElo "2282"]
[Annotator "ChessBase"]
[PlyCount "143"]
[EventDate "2018.12.15"]
[EventType "swiss"]
[EventCountry "CRO"]
[SourceTitle "playchess.com"]
[Source "ChessBase"]
[SourceQuality "1"]
[TimeControl "40/5400+30:1800+30"]

1. d4 Nf6 2. c4 b6 3. f3 d6 4. e4 e5 5. d5 Be7 6. Be3 Nh5 7. Nc3 Nd7 8. Nge2 Bg5 9. Bf2 Nf4 10. h4 Nxe2 11. Qxe2 Be7 12. g3 a5 13. Bh3 Nc5 14. Bxc8 Qxc8 15. Bxc5 bxc5 16. O-O-O a4 17. a3 h5 18. f4 Bf6 19. f5 Qa6 20. Nb5 Kd7 21. Rhf1 Rab8 22. Rd3 Rb7 23. Rc3 Ke7 24. Rf2 Qa5 25. Kd1 Rbb8 26. Rcf3 Rb7 27. Qd2 Qa6 28. Ke1 Kd7 29. Kf1 Rbb8 30. Kg2 Rb7 31. Kh2 Ke7 32. Rf1 Ra8 33. Rc3 Qa5 34. Qe2 Rh8 35. Kg2 Kd7 36. Ra1 Ke7 37. Qc2 Ra8 38. Qd1 Rh8 39. Rac1 Rbb8 40. Qe2 Rb7 41. Ra1 Rbb8 42. Rd3 Rb7 43. Qd2 Ra8 44. Qxa5 Rxa5 45. Rf1 Kd7 46. Rf2 Rb8 47. Kf1 Rh8 48. Ke1 Rb8 49. Kd1 Rh8 50. Kc1 Rb8 51. Kb1 Rh8 52. Ka2 Rha8 53. Rg2 Rh8 54. Rd1 Rha8 55. Rh1 Rh8 56. Nc3 Ra6 57. b3 axb3+ 58. Kxb3 Rb8+ 59. Nb5 Rh8 60. a4 Rha8 61. Ra2 Ra5 62. Rb1 Rb8 63. Ka3 Rba8 64. Nc3 Be7 65. Rab2 Kc8 66. Rg1 Bf6 67. Rb5 R5a6 68. Rgb1 R6a7 69. R1b2 Be7 70. Rb1 Bf6 71. R1b2 Be7 72. Rb1 1/2-1/2

[Event "25th Zadar Open 2018"]
[Site "Zadar"]
[Date "2018.12.20"]
[Round "7.25"]
[White "Blagojevic, Tijana"]
[Black "Samani, Yamac"]
[Result "1/2-1/2"]
[ECO "C11"]
[WhiteElo "2208"]
[BlackElo "2267"]
[Annotator "NA"]
[PlyCount "69"]
[EventDate "2018.12.15"]
[EventType "swiss"]
[EventCountry "CRO"]
[SourceTitle "playchess.com"]
[Source "ChessBase"]
[SourceQuality "1"]
[TimeControl "40/5400+30:1800+30"]

1. e4 e6 2. Nf3 d5 3. Nc3 Nf6 4. e5 Nfd7 5. Ne2 c5 6. c3 Nc6 7. d4 Be7 8. Nf4 {[%emt 0:00:30] C11: French: Classical System: 4 e5 and 4 Bg5 dxe4} Qa5 9. a3 c4 $146 ({Predecessor:} 9... cxd4 10. b4 Qd8 11. cxd4 Nb6 12. Bd3 a6 13. Qc2 h6 14. Nh5 Kf8 15. Be3 Bd7 {1-0 (39) Fedorchuk,S (2666)-Tratar,M (2494) Warsaw 2013}) 10. h4 b5 11. Bd2 h6 12. b4 Qa4 13. Qxa4 bxa4 14. Be2 Nb6 15. Bd1 Bd7 16. Bc2 O-O-O 17. Ke2 g6 18. Rag1 Kc7 19. g4 a5 20. Kd1 axb4 21. axb4 Ra8 22. Bb1 a3 23. Ba2 Na7 24. Kc1 Ba4 25. Kb1 Nb5 26. Ne2 $17 Bb3 27. Rg3 Na4 28. h5 g5 29. Nh2 Nb2 30. Nc1 Bd1 31. Rf1 Kd7 32. Ka1 Kc7 33. Kb1 Kd7 34. Ka1 Kc7 35. Kb1 1/2-1/2

[Event "25th Zadar Open 2018"]
[Site "Zadar"]
[Date "2018.12.20"]
[Round "7.26"]
[White "Chan, Kim Yew"]
[Black "Cebalo, Miso"]
[Result "1/2-1/2"]
[ECO "A31"]
[WhiteElo "2175"]
[BlackElo "2262"]
[Annotator "NA"]
[PlyCount "62"]
[EventDate "2018.12.15"]
[EventType "swiss"]
[EventCountry "CRO"]
[SourceTitle "playchess.com"]
[Source "ChessBase"]
[SourceQuality "1"]
[TimeControl "40/5400+30:1800+30"]

1. Nf3 Nf6 2. c4 c5 3. g3 g6 4. Bg2 Bg7 5. Nc3 Nc6 6. O-O d6 7. d4 cxd4 {[%emt 0:01:30] LiveBook: 225 Games} 8. Nxd4 Bd7 9. Nc2 h5 {[%emt 0:01:00] A31: Symmetrical English: 2 Nf3 Nf6 3 d4} 10. h4 Rc8 (10... Qc8 11. b3 Bh3 12. Bb2 O-O 13. Ne3 Bxg2 14. Kxg2 Re8 15. Qd2 Ne5 16. Rac1 b6 17. Ncd5 {0-1 (51) Meier,G (2639)-Le,Q (2715) chess.com INT 2018}) 11. b3 O-O 12. Bb2 Ng4 13. Rb1 {[%emt 0:14:30] [#]} Be6 $146 ({Predecessor:} 13... Qa5 14. Nd5 Bxb2 15. Rxb2 Be6 16. Nf4 Bf5 17. Bd5 {½-½ (25) Nyvlt,Z (2430)-Voiculescu,C (2525) ICCF email 2012}) 14. Nd5 Bxd5 15. Qxd5 Bxb2 16. Rxb2 e6 17. Qd2 Qf6 18. Rbb1 Rfd8 19. Rbd1 Kg7 20. e3 b6 21. Qe2 Ne7 22. Rd2 Rc7 23. Rfd1 Rcd7 24. Nb4 ({White should try} 24. f3 $16 Nh6 25. e4) 24... Ne5 25. Nd3 d5 $11 26. Nxe5 Qxe5 27. cxd5 Nxd5 28. Bxd5 Rxd5 29. Rxd5 Rxd5 30. Rxd5 Qxd5 31. Qb2+ e5 1/2-1/2

[Event "25th Zadar Open 2018"]
[Site "Zadar"]
[Date "2018.12.20"]
[Round "7.27"]
[White "Zelic, Mladen"]
[Black "Jeet, Jain"]
[Result "0-1"]
[ECO "C36"]
[WhiteElo "2274"]
[BlackElo "2212"]
[Annotator "NA"]
[PlyCount "68"]
[EventDate "2018.12.15"]
[EventType "swiss"]
[EventCountry "CRO"]
[SourceTitle "playchess.com"]
[Source "ChessBase"]
[SourceQuality "1"]
[TimeControl "40/5400+30:1800+30"]

1. e4 e5 2. f4 exf4 3. Nf3 Nf6 4. Nc3 d5 5. exd5 Nxd5 6. Nxd5 Qxd5 7. d4 Be7 {[%emt 0:01:00] LiveBook: 16 Games} 8. Bd3 Qe6+ 9. Kf2 Qf6 10. Re1 Bg4 11. c3 O-O 12. Kf1 Nc6 13. b3 Bd6 14. Bb2 Ne7 15. c4 $17 c6 16. Qd2 Bxf3 17. gxf3 Nf5 18. Bxf5 Qxf5 19. Re4 Rae8 20. Rae1 Re6 21. c5 Bc7 22. Rxe6 fxe6 23. Re2 Qh3+ 24. Rg2 Qxf3+ 25. Kg1 e5 26. Rf2 Qe4 27. Re2 Qg6+ 28. Rg2 Qb1+ 29. Kf2 e4 30. Rxg7+ Kxg7 31. d5+ Kg6 32. Qc3 e3+ 33. Ke2 f3+ 34. Kxe3 Re8+ 0-1

[Event "25th Zadar Open 2018"]
[Site "Zadar"]
[Date "2018.12.21"]
[Round "8.1"]
[White "Rakesh Kumar Jena"]
[Black "Omelja, Artem"]
[Result "1/2-1/2"]
[ECO "D02"]
[WhiteElo "2398"]
[BlackElo "2457"]
[Annotator "ChessBase"]
[PlyCount "39"]
[EventDate "2018.12.15"]
[EventType "swiss"]
[EventCountry "CRO"]
[SourceTitle "playchess.com"]
[Source "ChessBase"]
[SourceQuality "1"]
[TimeControl "40/5400+30:1800+30"]

1. d4 Nf6 2. Bf4 e6 3. e3 d5 4. Nf3 Bd6 5. Bg3 O-O 6. Nbd2 c5 7. c3 Qc7 8. Bd3 Nbd7 9. Qe2 e5 10. dxe5 Nxe5 11. Nxe5 Bxe5 12. O-O-O Re8 13. Nf3 Bg4 14. Qc2 Bxg3 15. hxg3 h6 16. Kb1 Rad8 17. Rh4 Qc8 18. Ka1 Qe6 19. Rdh1 c4 20. Be2 1/2-1/2